[Event "Open Cappelle-la-Grande"]
[Date "2026.02.25"]
[White "Razafindratsima, Timothe"]
[Black "Pranesh M"]
[WhiteElo "2504"]
[BlackElo "2627"]
[Round "7.7.1"]
[Result "1/2-1/2"]
[TimeControl "40/5400+30:1800+30"]

e4 e5 Nf3 Nc6 Bb5 g6 d4 exd4 Bg5 Be7 Bxe7 Qxe7 O-O Nf6 e5 Nd5 Re1 Qb4 Bxc6 dxc6 Qxd4 Qxd4 Nxd4 Bd7 Nd2 c5 e6 cxd4 exd7+ Kxd7 Nb3 Rhe8 Red1 Rad8 Rxd4 Kc8 Kf1 Nb6 Re1 [Variant "Standard"]
[Site "Europe Echecs"]

[Event "Open Cappelle-la-Grande"]
[Date "2026.02.25"]
[White "Bournel, Antoine"]
[Black "Pranav Anand"]
[WhiteElo "2434"]
[BlackElo "2606"]
[Round "7.7.2"]
[Result "0-1"]
[TimeControl "40/5400+30:1800+30"]

d4 Nf6 c4 e6 Nf3 d5 Nc3 Nbd7 cxd5 exd5 Bg5 h6 Bh4 Bb4 Nd2 Be7 e3 O-O Bd3 b6 O-O Bb7 Qa4 a6 b4 b5 Qb3 Nb6 a4 Nc4 Rfd1 c6 Nf3 Re8 h3 g5 Bg3 Bd6 Ne2 Rb8 Qc3 Nh5 Bxd6 Qxd6 Bc2 Bc8 Nd2 Rb7 Re1 Rbe7 axb5 axb5 Ra8 f5 Nxc4 bxc4 Qd2 f4 Nc3 fxe3 Rxe3 Rxe3 fxe3 Rf8 b5 g4 b6 gxh3 gxh3 Qg3+ Qg2 Qxg2+ Kxg2 Bxh3+ Kxh3 Rxa8 Ba4 Rb8 Bxc6 Rxb6 Bxd5+ Kg7 Bxc4 Rc6 Be2 Rxc3 Bxh5 Rxe3+ Kg4 Re4+ Kg3 Rxd4 Bg4 Kg6 Bc8 Kg5 Be6 Rd3+ Kg2 Kh4 Bc8 Rg3+ Kf2 Rg5 Bd7 Kh5 Kf3 Kg6 Kf4 Kf6 Bg4 h5 Bc8 h4 Bg4 Rg7 Kf3 Ke5 Bc8 Rg3+ Kf2 Kf4 Bb7 h3 Bc6 h2 Bg2 Rg7 [Variant "Standard"]
[Site "Europe Echecs"]

[Event "Open Cappelle-la-Grande"]
[Date "2026.02.25"]
[White "Rohith Krishna S"]
[Black "Zamengo, Fulvio"]
[WhiteElo "2484"]
[BlackElo "2375"]
[Round "7.7.3"]
[Result "1/2-1/2"]
[TimeControl "40/5400+30:1800+30"]

c4 Nf6 Nf3 c5 g3 d5 cxd5 Nxd5 Bg2 Nc6 O-O e5 d3 Be7 Nc3 Be6 Bd2 O-O Rc1 b6 Re1 Rc8 Qa4 f6 a3 Qd7 Nxd5 Bxd5 b4 Qb7 Nh4 Bxg2 Nxg2 Nd4 b5 Bd6 Bc3 Rce8 Bxd4 exd4 Qc4+ Qf7 a4 Qxc4 Rxc4 a6 bxa6 Ra8 e3 dxe3 Nxe3 Rxa6 Nf5 Rd8 d4 Bf8 dxc5 [Variant "Standard"]
[Site "Europe Echecs"]

[Event "Open Cappelle-la-Grande"]
[Date "2026.02.25"]
[White "Poetsch, Hagen"]
[Black "Ruzhansky, Elias"]
[WhiteElo "2433"]
[BlackElo "2462"]
[Round "7.7.4"]
[Result "1/2-1/2"]
[TimeControl "40/5400+30:1800+30"]

e4 c5 Nf3 d6 d4 cxd4 Nxd4 Nf6 Nc3 Nc6 Bg5 Bd7 Qd2 a6 O-O-O e6 Kb1 Nxd4 Qxd4 Be7 f4 Bc6 f5 Qa5 Bc4 exf5 Bd5 O-O Bxc6 bxc6 Rhf1 h6 Bxh6 gxh6 Rxf5 d5 Qe3 Ne8 Qxh6 Ng7 Rd3 Qc5 Qxg7+ Kxg7 Rg3+ Kh6 Rh3+ Kg7 Rg3+ Kh6 Rh3+ Kg7 [Variant "Standard"]
[Site "Europe Echecs"]

[Event "Open Cappelle-la-Grande"]
[Date "2026.02.25"]
[White "Jacobsen, Mikkel Manosri"]
[Black "Bacrot, Alexandre"]
[WhiteElo "2291"]
[BlackElo "2457"]
[Round "7.7.5"]
[Result "1/2-1/2"]
[TimeControl "40/5400+30:1800+30"]

c4 e6 g3 d5 Bg2 Nf6 Nf3 Bd6 O-O O-O b3 c5 cxd5 exd5 d4 cxd4 Bb2 Nc6 Nxd4 Re8 Nc3 Nxd4 Qxd4 Be5 Qd3 Bg4 Bf3 Bxf3 exf3 Qd7 Kg2 h6 Rac1 Rac8 Rcd1 Rcd8 Rc1 Rc8 Rcd1 Rcd8 Rc1 Rc8 [Variant "Standard"]
[Site "Europe Echecs"]

[Event "Open Cappelle-la-Grande"]
[Date "2026.02.25"]
[White "Levin, Guy"]
[Black "Fiedorek, Michal"]
[WhiteElo "2440"]
[BlackElo "2288"]
[Round "7.7.6"]
[Result "1/2-1/2"]
[TimeControl "40/5400+30:1800+30"]

d4 Nf6 Nf3 e6 Bf4 c5 e3 cxd4 exd4 b6 a4 Be7 h3 O-O Nbd2 d6 Bh2 Ba6 Bb5 Bxb5 axb5 a5 c3 Nbd7 Nc4 Qc7 Ne3 Qb7 O-O Nd5 Nc4 Qc7 Nfd2 N7f6 Re1 Rfd8 Qb3 Rac8 Ra4 Ra8 [Variant "Standard"]
[Site "Europe Echecs"]

[Event "Open Cappelle-la-Grande"]
[Date "2026.02.25"]
[White "Bettalli, Francesco"]
[Black "Cheng, Bobby"]
[WhiteElo "2384"]
[BlackElo "2566"]
[Round "7.7.7"]
[Result "0-1"]
[TimeControl "40/5400+30:1800+30"]

e4 c5 Nf3 d6 d4 cxd4 Nxd4 Nf6 Nc3 a6 Nb3 Nc6 Be3 e6 g4 b5 Qe2 Be7 O-O-O Qc7 Bg2 Nd7 f4 O-O Kb1 Bb7 g5 Na5 Qf2 Nc4 Bc1 b4 Ne2 a5 f5 a4 Nbd4 b3 cxb3 axb3 axb3 Nce5 Nc3 Qa5 Qg3 Rfc8 fxe6 fxe6 Ndb5 Nc5 Na3 Nxb3 Bh3 Rxc3 Bxe6+ Kh8 Qxc3 Bxe4+ Ka2 Qxc3 bxc3 Nxc1+ Rxc1 d5 [Variant "Standard"]
[Site "Europe Echecs"]

[Event "Open Cappelle-la-Grande"]
[Date "2026.02.25"]
[White "Janzelj, Tim"]
[Black "Raja Rithvik R"]
[WhiteElo "2377"]
[BlackElo "2535"]
[Round "7.7.8"]
[Result "1/2-1/2"]
[TimeControl "40/5400+30:1800+30"]

e4 c5 Nf3 d6 d4 cxd4 Nxd4 Nf6 Nc3 a6 f3 e5 Nb3 Be7 Be3 Be6 Qd2 h5 Be2 Nbd7 Nd5 Bxd5 exd5 Qc7 Rc1 h4 O-O Nh5 a4 Nf4 a5 Bg5 c4 Rc8 Rfd1 Nxe2+ Qxe2 Bxe3+ Qxe3 O-O c5 Nxc5 Nxc5 dxc5 d6 Qc6 Qxe5 Rfe8 Qf4 Rcd8 b4 Qa4 Qxh4 cxb4 Rd5 Qb3 Rcd1 Rd7 h3 Qc3 Kh2 g6 R1d4 b3 Rd3 Qc2 Rh5 gxh5 Qg5+ Kf8 Qh6+ Kg8 Qg5+ Kf8 Qh6+ [Variant "Standard"]
[Site "Europe Echecs"]

[Event "Open Cappelle-la-Grande"]
[Date "2026.02.25"]
[White "Niedbala, Bartlomiej"]
[Black "Can, Emre"]
[WhiteElo "2377"]
[BlackElo "2541"]
[Round "7.7.9"]
[Result "0-1"]
[TimeControl "40/5400+30:1800+30"]

e4 c5 Nf3 d6 d4 cxd4 Nxd4 Nf6 Nc3 a6 Bg5 e6 f4 Nbd7 Qf3 Qc7 O-O-O b5 e5 Bb7 Qh3 dxe5 Nxe6 fxe6 Qxe6+ Be7 Bxb5 axb5 Nxb5 Qc6 Nd6+ Kd8 fxe5 Nd5 Bxe7+ Kc7 c4 Nxe7 Qxe7 Rxa2 Kb1 Rha8 Nb5+ Kb8 Qd6+ Qxd6 Nxd6 Bxg2 Rhg1 Ra1+ Kc2 Rxd1 Rxd1 Nxe5 Re1 Ng6 Nf5 Kb7 Nxg7 Rf8 Kd2 Bh3 Re3 Rf2+ Re2 Rf7 Ne6 Rf1 Nc5+ Kc6 Nd3 Nf4 Re3 Bf5 Ne5+ Kc5 Rf3 Rxf3 Nxf3 Kxc4 Ke3 Ng6 Ng5 Ne7 Kf4 Kd5 Nf3 Be4 Ng5 Bg6 Nf3 Nc6 Kg5 Ne5 Nd2 Nc4 Nf3 Be4 Ng1 Nxb2 Nh3 Nc4 Kh6 Ne3 Ng5 Ng4+ Kh5 Nf6+ Kh6 Ke5 Kg7 Bg6 h4 Bd3 Kh6 Kd6 Kg7 Ke7 Nf3 Be4 Ng5 Bg6 Nf3 Ne8+ Kh6 Nd6 h5 Be4 Nh2 Kf7 Ng4 Bb1 Kg5 Kg7 h6+ Kf7 Ne5+ Ke6 Ng4 Nf7+ Kf4 Bg6 Kg3 Bf5 Ne3 Nxh6 Kh4 Bg6 [Variant "Standard"]
[Site "Europe Echecs"]

[Event "Open Cappelle-la-Grande"]
[Date "2026.02.25"]
[White "Godart, Francois"]
[Black "Degraeve, Jean-Marc"]
[WhiteElo "2372"]
[BlackElo "2503"]
[Round "7.7.10"]
[Result "0-1"]
[TimeControl "40/5400+30:1800+30"]

e4 c5 Nf3 g6 c3 Bg7 d4 cxd4 cxd4 d5 e5 a6 Be2 Nc6 O-O Bg4 Nbd2 e6 h3 Bxf3 Nxf3 Nge7 Bd3 Qb6 Re1 O-O Kh1 Rfc8 b3 Rc7 Be3 Rac8 Rc1 Nf5 Bxf5 exf5 Bg5 Nb4 Rxc7 Qxc7 Qd2 Nc6 Qf4 Qa5 Bf6 Re8 Re3 Qa3 Nh4 Nd8 Bxg7 Ne6 Qf3 Kxg7 Qxd5 Qxa2 Rg3 Qb1+ Kh2 Rc8 Re3 f4 Re2 Qf1 [Variant "Standard"]
[Site "Europe Echecs"]

[Event "Open Cappelle-la-Grande"]
[Date "2026.02.25"]
[White "Docx, Stefan"]
[Black "Eugene, Floryan"]
[WhiteElo "2367"]
[BlackElo "2478"]
[Round "7.7.11"]
[Result "0-1"]
[TimeControl "40/5400+30:1800+30"]

e4 e6 d4 d5 Nc3 Bb4 Ne2 Ne7 a3 Ba5 g3 dxe4 b4 Bb6 Nxe4 e5 Bb2 exd4 Bxd4 O-O Bg2 Nbc6 Bb2 Qxd1+ Rxd1 Be6 Nf4 Bg4 Rd2 Rad8 O-O a5 h3 Bf5 b5 Bxe4 Rxd8 Rxd8 Bxe4 Nd4 a4 Ndf5 Kg2 Rd2 Kf3 Nd4+ Bxd4 Rxd4 Bxb7 Nf5 Nd5 Rxa4 Nxb6 cxb6 c3 Rc4 Rd1 Rxc3+ Kg2 g6 Rd7 Kf8 g4 Nh4+ Kh2 Nf3+ Kg2 Rd3 Rc7 Nd4 Rd7 Ne6 [Variant "Standard"]
[Site "Europe Echecs"]

[Event "Open Cappelle-la-Grande"]
[Date "2026.02.25"]
[White "Lamaze, Simon"]
[Black "Eugene, Nathael"]
[WhiteElo "2450"]
[BlackElo "2304"]
[Round "7.7.12"]
[Result "1-0"]
[TimeControl "40/5400+30:1800+30"]

d4 f5 Nh3 Nf6 Bg5 e6 Nf4 Be7 h4 d5 e3 c5 Nd2 Nc6 c3 O-O a4 Qb6 Rb1 Bd7 Bb5 Bd6 Nd3 c4 Bf4 Nb8 Bxd6 Qxd6 Nf4 a6 Bxd7 Qxd7 a5 Nc6 Qa4 Rae8 b3 Qc7 bxc4 Nxa5 c5 e5 dxe5 Rxe5 O-O Re7 Ra1 Nc6 Nf3 Ne5 Nd4 Qc8 Rfb1 Rd8 Rb6 Qxc5 Rxf6 gxf6 Nfe6 Qc8 Nxd8 Qxd8 Nxf5 Rc7 Rd1 Qc8 Qf4 Qe6 e4 Rxc3 Rxd5 Qe8 f3 Kh8 Qh6 Nxf3+ gxf3 Qg8+ Kh1 Rc1+ Qxc1 Qg2+ Kxg2 [Variant "Standard"]
[Site "Europe Echecs"]

[Event "Open Cappelle-la-Grande"]
[Date "2026.02.25"]
[White "Robert, Yoann"]
[Black "Carnicelli, Valerio"]
[WhiteElo "2273"]
[BlackElo "2438"]
[Round "7.7.13"]
[Result "1/2-1/2"]
[TimeControl "40/5400+30:1800+30"]

f4 d5 Nf3 Nf6 e3 g6 Be2 Bg7 O-O O-O d3 c5 a4 Nc6 Ne5 Qc7 Nxc6 Qxc6 Bf3 Rd8 Qe2 Qa6 Nc3 e6 Nb5 Ne8 e4 Bd7 c4 Bxb5 cxb5 Qd6 e5 Qe7 Be3 Rac8 Rac1 b6 Qe1 f6 Bf2 fxe5 Bh4 Bf6 Bxf6 Qxf6 Bg4 Ng7 fxe5 Qg5 Qg3 h5 Bh3 Qxg3 hxg3 Nf5 g4 hxg4 Bxg4 Kf7 Ra1 Ke7 a5 Rd7 axb6 axb6 Ra6 Ne3 Rf4 g5 Rfa4 c4 Be2 cxd3 Bxd3 Rc1+ Kf2 d4 Rxb6 Ng4+ Ke2 Rc5 Kd2 Rxe5 Rb8 Nf2 b6 Nxd3 Kxd3 Re3+ Kd2 Rb3 Ra7 Kd6 Kc2 Rb4 Kd3 g4 g3 Rxb2 Ke4 [Variant "Standard"]
[Site "Europe Echecs"]

[Event "Open Cappelle-la-Grande"]
[Date "2026.02.25"]
[White "Moksh Amit Doshi"]
[Black "Flom, Gabriel"]
[WhiteElo "2354"]
[BlackElo "2423"]
[Round "7.7.14"]
[Result "1-0"]
[TimeControl "40/5400+30:1800+30"]

c4 e5 Nc3 Nf6 Nf3 Nc6 g3 d5 cxd5 Nxd5 Bg2 Nb6 O-O Be7 b3 f6 Bb2 Be6 Rc1 Qd7 Ne4 O-O-O e3 Bh3 d4 Bxg2 Kxg2 Qd5 Qc2 exd4 Nxd4 Rd7 Nxc6 bxc6 Qxc6 f5 Qxd5 Rxd5 Nc3 Rd2 Ba1 Bf6 a4 Rhd8 a5 Nd5 Nxd5 R8xd5 Bxf6 gxf6 b4 c5 Rc4 Kb7 bxc5 Rb2 Rh4 Rxc5 Rxh7+ Ka6 Rf7 Rxa5 Rxf6+ Rb6 Rf7 Rb7 Rxb7 Kxb7 h4 [Variant "Standard"]
[Site "Europe Echecs"]

[Event "Open Cappelle-la-Grande"]
[Date "2026.02.25"]
[White "Orieux, Etienne"]
[Black "Bassini, Emile"]
[WhiteElo "2272"]
[BlackElo "2409"]
[Round "7.7.15"]
[Result "1/2-1/2"]
[TimeControl "40/5400+30:1800+30"]

e4 g6 d4 Bg7 Nf3 d6 Bd3 Nf6 Nbd2 O-O O-O Nc6 Re1 e5 dxe5 Nxe5 Nxe5 dxe5 Nc4 Qe7 a4 a5 b3 Rd8 Ba3 Qe8 Qd2 b6 Qc3 Qc6 Bb2 Nd7 Bf1 Bb7 f3 f6 Ne3 Qxc3 Bxc3 Bf8 Bc4+ Kg7 Nd5 Rac8 Rad1 c6 Ne3 Nc5 Kf1 Na6 Ke2 Bd6 Rd2 Kf8 Red1 Ke7 Ng4 Bc7 Bb2 h5 Ba3+ Nc5 Rxd8 Rxd8 Bxc5+ bxc5 Rxd8 Bxd8 Nf2 Bc7 h4 Bc8 Nd3 Bd6 Ke3 Kf8 g3 Kg7 Kf2 Kf8 Ke3 Ke7 Kf2 Kf8 Ke3 [Variant "Standard"]
[Site "Europe Echecs"]

[Event "Open Cappelle-la-Grande"]
[Date "2026.02.25"]
[White "Favaloro, Andrea"]
[Black "Zeneli, Klendi"]
[WhiteElo "2409"]
[BlackElo "2268"]
[Round "7.7.16"]
[Result "0-1"]
[TimeControl "40/5400+30:1800+30"]

Nf3 d5 g3 g6 Bg2 Bg7 d4 c6 c4 dxc4 Na3 b5 Nxb5 cxb5 Nh4 Bd7 Bxa8 Nc6 Bb7 Nf6 O-O O-O Bf4 Nd5 Bd2 e6 Nf3 Qb6 Bxc6 Bxc6 Qc1 Rc8 a4 a6 axb5 axb5 Re1 Bb7 Bh6 Bh8 e4 Nb4 Qd2 Nd3 Re3 Bxd4 Nxd4 Qxd4 Ra5 b4 Rb5 Bxe4 Rxb4 Ra8 Qd1 Nxb4 [Variant "Standard"]
[Site "Europe Echecs"]

[Event "Open Cappelle-la-Grande"]
[Date "2026.02.25"]
[White "Pranav Anand"]
[Black "Razafindratsima, Timothe"]
[WhiteElo "2606"]
[BlackElo "2504"]
[Round "8.8.1"]
[Result "1-0"]
[TimeControl "40/5400+30:1800+30"]

e4 c5 Nf3 d6 d4 cxd4 Nxd4 Nf6 Nc3 a6 Bg5 Nbd7 Qd2 e6 Bc4 Nc5 f3 Be7 Be3 Qc7 Be2 h5 O-O b5 a4 b4 Na2 d5 e5 Nfd7 f4 g5 Bf3 gxf4 Bxf4 Nxe5 Nxb4 Nxf3+ Nxf3 Qb7 Nd3 Ne4 Qe2 f6 c4 dxc4 Nf2 Nxf2 Rxf2 e5 Nxe5 fxe5 Qxe5 Rh7 Re1 Qb6 Qd5 Rf7 Qxa8 Rxf4 Qxc8+ Kf7 Qxc4+ [Variant "Standard"]
[Site "Europe Echecs"]

[Event "Open Cappelle-la-Grande"]
[Date "2026.02.25"]
[White "Pranesh M"]
[Black "Levin, Guy"]
[WhiteElo "2627"]
[BlackElo "2440"]
[Round "8.8.2"]
[Result "1-0"]
[TimeControl "40/5400+30:1800+30"]

e4 c6 d4 d5 exd5 cxd5 Nf3 Nf6 Ne5 Nc6 c3 Bf5 Qa4 Qc8 Bb5 a6 Bxc6+ bxc6 Nd2 Nd7 Qxc6 Qxc6 Nxc6 f6 Nb3 e6 Nca5 Rc8 Bf4 Nb6 a4 g5 Bg3 Kf7 h4 g4 O-O Nc4 Ra2 Be7 Nb7 Rc6 N3c5 Nd2 Re1 Ne4 Nxe4 Bxe4 Na5 Rcc8 Raa1 Rhd8 Rac1 Rd7 b4 Bf5 Bf4 Bd3 Nb3 Rc4 h5 Ra7 Kh2 Bf5 Na5 Rc8 Kg3 Ke8 Re2 Kd7 Rb2 Raa8 Nb3 Rc4 Na5 Rcc8 Kh2 Ra7 Kg1 Raa8 Kf1 Bd3+ Ke1 Be4 g3 Bf8 Nb3 Bf5 Nc5+ Bxc5 bxc5 e5 dxe5 fxe5 Bxe5 Re8 Re2 Kc6 Bd4 Rxe2+ Kxe2 Rb8 Ke3 Rb1 Rxb1 Bxb1 Kf4 Bc2 Kxg4 [Variant "Standard"]
[Site "Europe Echecs"]

[Event "Open Cappelle-la-Grande"]
[Date "2026.02.25"]
[White "Cheng, Bobby"]
[Black "Poetsch, Hagen"]
[WhiteElo "2566"]
[BlackElo "2433"]
[Round "8.8.3"]
[Result "1/2-1/2"]
[TimeControl "40/5400+30:1800+30"]

d4 Nf6 c4 e6 Nf3 d5 e3 Be7 b3 O-O Bd3 c5 O-O cxd4 exd4 b6 Nc3 Bb7 Bb2 Nc6 Re1 Rc8 Rc1 Nb4 Bf1 dxc4 bxc4 Bd6 a3 Nc6 Bd3 Ne7 g3 a6 a4 Bb4 Re3 Nf5 Bxf5 exf5 Ne2 Ne4 d5 Bc5 Ned4 b5 axb5 axb5 Rb3 Ba6 cxb5 Bb7 Ba3 [Variant "Standard"]
[Site "Europe Echecs"]

[Event "Open Cappelle-la-Grande"]
[Date "2026.02.25"]
[White "Loiseau, Quentin"]
[Black "Can, Emre"]
[WhiteElo "2391"]
[BlackElo "2541"]
[Round "8.8.4"]
[Result "0-1"]
[TimeControl "40/5400+30:1800+30"]

d4 Nf6 c4 g6 Nc3 d5 cxd5 Nxd5 e4 Nxc3 bxc3 Bg7 Bc4 c5 Ne2 Nc6 Be3 O-O O-O Bg4 f3 Bd7 Rb1 cxd4 cxd4 a6 Qd2 Na5 Bd3 Bb5 d5 Qd7 Bd4 Bxd4+ Nxd4 Bxd3 Qxd3 Rac8 Qa3 Nc4 Qb4 Rc7 Rfc1 Rfc8 Rc3 e6 Rd1 exd5 Ne2 Rc5 Rcd3 Rb5 Qe1 Qc7 Nc3 Qb6+ Kh1 Nb2 Nxd5 Nxd1 Qxd1 Rb1 Nxb6 Rcc1 [Variant "Standard"]
[Site "Europe Echecs"]

[Event "Open Cappelle-la-Grande"]
[Date "2026.02.25"]
[White "Degraeve, Jean-Marc"]
[Black "Zamengo, Fulvio"]
[WhiteElo "2503"]
[BlackElo "2375"]
[Round "8.8.5"]
[Result "1-0"]
[TimeControl "40/5400+30:1800+30"]

e4 e6 d4 d5 Nd2 c5 exd5 Qxd5 dxc5 Qxc5 Ngf3 Nf6 Bd3 Nbd7 O-O Qc7 a4 Nc5 Bc4 Bd6 Re1 O-O a5 Bd7 Qe2 Bc6 b3 Nce4 Nxe4 Nxe4 Bb2 Bb4 Be5 Qe7 Rec1 Bc5 Bd4 Rfd8 Bxc5 Qxc5 Qe1 Ng5 Nxg5 Qxg5 Bf1 Rd2 c4 Rad8 b4 a6 Rd1 Rxd1 Rxd1 Rxd1 Qxd1 h5 Qd3 Qc1 b5 axb5 cxb5 Bd5 a6 bxa6 bxa6 Qa1 h4 f6 Kh2 Kf8 Be2 g5 hxg5 Qe5+ g3 h4 Qa3+ Kg8 Qe3 Qa1 gxh4 Qh1+ Kg3 Qg1+ Kf4 fxg5+ hxg5 Qh2+ Qg3 Qh1 Bd3 Qc1+ Qe3 Qc7+ Kg4 e5 a7 Qd7+ Kg3 e4 Bxe4 Bxe4 Qxe4 Qxa7 Qe6+ Kg7 Qe5+ Kg6 Qf6+ Kh7 Qf5+ Kg7 g6 Qa3+ Kg4 Qa4+ Kg5 [Variant "Standard"]
[Site "Europe Echecs"]

[Event "Open Cappelle-la-Grande"]
[Date "2026.02.25"]
[White "Fiedorek, Michal"]
[Black "Rohith Krishna S"]
[WhiteElo "2288"]
[BlackElo "2484"]
[Round "8.8.6"]
[Result "0-1"]
[TimeControl "40/5400+30:1800+30"]

e4 e5 Nf3 Nc6 Bb5 a6 Ba4 Nf6 O-O Be7 Re1 b5 Bb3 O-O a4 Bb7 d3 d6 h3 Na5 Ba2 c5 Nbd2 Qc7 Nf1 b4 Ne3 b3 cxb3 Nc6 b4 Nxb4 Bc4 Bc8 Bd2 Rb8 Nc2 Nc6 Rb1 Na5 Ba2 Nb3 Ne3 Nxd2 Nxd2 Bd8 Bc4 Qe7 Nf3 Kh8 Qd2 Ng8 Kh2 Qe8 b3 Ne7 Nd5 f5 Nxe7 Bxe7 Qe2 Qg6 Rb2 Qh6 Ng1 Rb4 Qd2 Bg5 Qe2 Bh4 Rf1 Bb7 Kh1 Bd8 f3 a5 Qd2 Bg5 Qe1 Be3 Re2 Bd4 f4 exf4 exf5 Be3 Be6 Bc8 Bxc8 Rxc8 Nf3 Qh5 Nd2 d5 Rf3 Rf8 Nf1 d4 Nxe3 dxe3 Qf1 h6 g3 Rxb3 Rxf4 Rxd3 f6 g6 g4 Qe5 Rf3 c4 f7 c3 g5 hxg5 Kg2 Rd2 Qe1 Qe4 [Variant "Standard"]
[Site "Europe Echecs"]

[Event "Open Cappelle-la-Grande"]
[Date "2026.02.25"]
[White "Eugene, Floryan"]
[Black "Jacobsen, Mikkel Manosri"]
[WhiteElo "2478"]
[BlackElo "2291"]
[Round "8.8.7"]
[Result "1-0"]
[TimeControl "40/5400+30:1800+30"]

e4 c6 d4 d5 exd5 cxd5 Bd3 Nc6 c3 Nf6 Bf4 Bg4 Qb3 Qd7 Nd2 e6 Ngf3 Bd6 Bxd6 Qxd6 O-O O-O Rfe1 Ne7 Nh4 Ng6 Bxg6 hxg6 Nhf3 Bxf3 Nxf3 Ne4 Ne5 a5 a3 Qe7 Re3 Rfc8 Nd3 g5 f3 Nf6 Rae1 Rc7 Qd1 Nd7 Rf1 Nf6 Re5 Ne4 fxe4 f6 Qh5 fxe5 Nxe5 Rf8 Rxf8+ Qxf8 Ng6 Qf6 Qh8+ Kf7 Ne5+ Ke7 Qb8 Kd6 Nc4+ Kd7 Nb6+ Kc6 Na8 Re7 Qc8+ Kb5 b3 Ka6 Qc5 e5 dxe5 Qe6 exd5 Qg6 h3 [Variant "Standard"]
[Site "Europe Echecs"]

[Event "Open Cappelle-la-Grande"]
[Date "2026.02.25"]
[White "Ruzhansky, Elias"]
[Black "Moksh Amit Doshi"]
[WhiteElo "2462"]
[BlackElo "2354"]
[Round "8.8.8"]
[Result "1/2-1/2"]
[TimeControl "40/5400+30:1800+30"]

e4 c5 Nf3 d6 d4 cxd4 Nxd4 Nf6 Nc3 a6 Bd3 g6 f3 Nc6 Be3 Nxd4 Bxd4 e5 Be3 Be6 Qd2 d5 exd5 Nxd5 Nxd5 Qxd5 c4 Qc6 Qa5 Bd6 c5 Bc7 Qc3 O-O O-O Rfd8 a4 Ba5 Qxa5 Rxd3 Rfe1 Rad8 Qb4 f6 Qh4 Bb3 Qb4 Bf7 Qa5 g5 b4 Be8 Qb6 Qxb6 cxb6 Bc6 Ra2 Kf7 a5 h6 Kf2 f5 Ree2 R8d7 Rad2 f4 Rxd3 Rxd3 Bc1 Ke6 Bb2 e4 fxe4 g4 Bc1 g3+ hxg3 fxg3+ Ke1 h5 Re3 Rxe3+ Bxe3 Bxe4 Kf1 Kf5 Kg1 Bc6 Bc5 h4 Be7 Kg4 Bf6 [Variant "Standard"]
[Site "Europe Echecs"]

[Event "Open Cappelle-la-Grande"]
[Date "2026.02.25"]
[White "Bacrot, Alexandre"]
[Black "Luong Phuong Hanh"]
[WhiteElo "2457"]
[BlackElo "2236"]
[Round "8.8.9"]
[Result "1-0"]
[TimeControl "40/5400+30:1800+30"]

Nf3 Nf6 d4 e6 c4 d5 Nc3 c5 e3 Nc6 a3 cxd4 exd4 Be7 Bd3 dxc4 Bxc4 O-O O-O b6 b4 Bb7 Bb2 Rc8 Bb3 Nd5 Nxd5 exd5 Qd3 Bf6 Rfe1 Qd6 Re3 Ne7 Rae1 Ng6 g3 Qd7 Bc2 Ba6 Qf5 Qxf5 Bxf5 Rc7 a4 Ne7 Bb1 Bc8 b5 Be6 Ba2 Rc2 R3e2 Rfc8 Bb3 Rxe2 Rxe2 Bg4 Kg2 g6 Rd2 Bf5 Ne5 Be6 Nd3 Nf5 Nb4 Bg5 Rd1 Ne7 h4 Bf6 f3 Nf5 Kf2 Be7 Nc6 Bd6 g4 Ne7 Ne5 Bb4 Ke2 f6 Nd3 Bd6 Ke3 f5 Rg1 Rf8 Bc3 fxg4 fxg4 h5 gxh5 Nf5+ Ke2 Nxh4 Bb4 Bxb4 Nxb4 Re8 Kd1 Kg7 Nc6 Kf6 hxg6 Nxg6 Nxa7 Ne7 Rf1+ Kg5 Rg1+ Kf6 Rh1 Kg7 Kd2 Ra8 Nc6 Nxc6 bxc6 Rc8 Rc1 Rc7 Ke3 Kf6 Kf4 Bf7 Rh1 Re7 Rh6+ Kg7 Rd6 Re4+ Kg5 Re1 Bxd5 Rg1+ Kf4 Rf1+ Ke3 Bxd5 Rxd5 Rc1 Rd7+ Kf6 d5 [Variant "Standard"]
[Site "Europe Echecs"]

[Event "Open Cappelle-la-Grande"]
[Date "2026.02.25"]
[White "Zeneli, Klendi"]
[Black "Lamaze, Simon"]
[WhiteElo "2268"]
[BlackElo "2450"]
[Round "8.8.10"]
[Result "0-1"]
[TimeControl "40/5400+30:1800+30"]

e4 c5 Nf3 d6 d4 cxd4 Nxd4 Nf6 Nc3 a6 h3 e5 Nb3 Be6 Be3 Be7 Qe2 Nbd7 O-O-O Rc8 g4 h6 Bg2 Rxc3 bxc3 Qc7 Rd3 Nb6 Kd1 Na4 Bd2 O-O Ke1 Rd8 f4 exf4 Nd4 Bc4 Nf5 Bf8 Bxf4 Bxd3 cxd3 Nxc3 Qb2 Rc8 Kf2 g6 Nxh6+ Kh7 Rc1 Bxh6 Bxh6 Kxh6 g5+ Kh7 gxf6 Nxe4+ Bxe4 Qxc1 Qxc1 Rxc1 Bxb7 Rc2+ Ke3 Rxa2 Bd5 Ra5 Bxf7 Rf5 Bc4 a5 f7 Kg7 Ke4 Rh5 Kd4 [Variant "Standard"]
[Site "Europe Echecs"]

[Event "Open Cappelle-la-Grande"]
[Date "2026.02.25"]
[White "Raja Rithvik R"]
[Black "Hansen, Soren Bech"]
[WhiteElo "2535"]
[BlackElo "2222"]
[Round "8.8.11"]
[Result "1-0"]
[TimeControl "40/5400+30:1800+30"]

c4 e6 g3 d5 Bg2 d4 Nf3 Nc6 O-O Bc5 d3 a5 Na3 Nf6 e3 O-O Nb5 e5 exd4 Nxd4 Nxe5 Nxb5 cxb5 Re8 Bf4 g5 Bxg5 Rxe5 Bxf6 Qxf6 d4 Rg5 h4 Rf5 dxc5 Rxc5 a4 Be6 Rc1 Re5 Bxb7 Rd8 Qf3 Rf5 Qc3 [Variant "Standard"]
[Site "Europe Echecs"]

[Event "Open Cappelle-la-Grande"]
[Date "2026.02.25"]
[White "Carnicelli, Valerio"]
[Black "Marie, Maxime"]
[WhiteElo "2438"]
[BlackElo "2201"]
[Round "8.8.12"]
[Result "1-0"]
[TimeControl "40/5400+30:1800+30"]

e4 c6 d4 d5 e5 c5 dxc5 e6 a3 Bxc5 Qg4 Ne7 Nf3 Qb6 Bd3 Bxf2+ Ke2 Ng6 h4 h5 Qg5 Bc5 Bxg6 Be7 Qg3 fxg6 Qxg6+ Kd7 Qxg7 Re8 Nc3 Nc6 Rd1 Kc7 Rxd5 Kb8 Rd3 Rd8 b4 Bf8 Qf7 Rxd3 cxd3 Qd8 Bg5 Be7 Rc1 Bd7 Ne4 a5 b5 Bxg5 hxg5 Ne7 Nd4 Nd5 Nc5 Bc8 Na6+ Rxa6 bxa6 Qh8 Nf3 bxa6 g6 Qh6 Rxc8+ [Variant "Standard"]
[Site "Europe Echecs"]

[Event "Open Cappelle-la-Grande"]
[Date "2026.02.25"]
[White "Laignel, Quentin"]
[Black "Bournel, Antoine"]
[WhiteElo "2227"]
[BlackElo "2434"]
[Round "8.8.13"]
[Result "0-1"]
[TimeControl "40/5400+30:1800+30"]

d4 d5 Nf3 e6 c4 c6 Bg5 Be7 Bxe7 Qxe7 e3 Nf6 Nc3 O-O Bd3 dxc4 Bxc4 Nbd7 O-O c5 Qe2 cxd4 exd4 Nb6 Bb3 Rd8 Rad1 Nbd5 Ne5 Bd7 Qf3 Bc6 Nxc6 bxc6 Na4 Rab8 Rc1 Qd6 Rfd1 h5 Nc5 Ne7 Rc4 Nf5 Ne4 Nxe4 Qxe4 c5 d5 g6 Rcc1 Rb4 Qe1 e5 Qc3 Nd4 Bc4 Qf6 Re1 h4 b3 Kg7 Re4 Rh8 Bf1 h3 f4 hxg2 Bxg2 Qxf4 Rxf4 Ne2+ Kf1 Nxc3 Rf2 Nb5 Rxc5 Rxh2 Rfc2 Rhh4 R2c4 Rbxc4 Rxc4 Rd4 Rc6 Rd2 a4 Nd4 Ra6 f5 Rxa7+ Kf6 d6 e4 d7 Ke7 Ra5 Kxd7 Bxe4 fxe4 Re5 Nxb3 Rxe4 Rd4 Re3 Nc5 a5 Rd6 Re5 Nb7 Rb5 Kc7 Kg2 Ra6 Kg3 Rxa5 [Variant "Standard"]
[Site "Europe Echecs"]

[Event "Open Cappelle-la-Grande"]
[Date "2026.02.25"]
[White "Plaidit, Hugo"]
[Black "Wirig, Anthony"]
[WhiteElo "2223"]
[BlackElo "2414"]
[Round "8.8.14"]
[Result "1/2-1/2"]
[TimeControl "40/5400+30:1800+30"]

e4 c5 Nf3 Nc6 Bb5 Nd4 Nxd4 cxd4 c3 a6 Ba4 Nf6 d3 dxc3 Nxc3 b5 Bb3 d6 O-O e6 a3 Be7 d4 O-O Be3 Rb8 d5 e5 Bc2 Ng4 Bd2 Bg5 Bd3 g6 Qc1 Bxd2 Qxd2 Qh4 h3 Nf6 Ne2 b4 Ng3 Qf4 Qe2 h5 Rfe1 a5 axb4 axb4 Rec1 Bd7 Rc7 Rfc8 Raa7 Rxc7 Rxc7 Ra8 Rb7 h4 Nf1 Ra1 Rxb4 g5 Qe3 Qxe3 fxe3 g4 hxg4 Bxg4 Rb6 Rd1 Rxd6 Kg7 Bc2 Rc1 Bd3 Rd1 Bc2 Rc1 Bd3 Rd1 [Variant "Standard"]
[Site "Europe Echecs"]

[Event "Open Cappelle-la-Grande"]
[Date "2026.02.25"]
[White "Bassini, Emile"]
[Black "Le Geay, Joachim"]
[WhiteElo "2409"]
[BlackElo "2182"]
[Round "8.8.15"]
[Result "1-0"]
[TimeControl "40/5400+30:1800+30"]

c4 g6 Nf3 Bg7 Nc3 d6 d4 Nf6 e4 O-O h3 e5 d5 Nh5 g3 f5 exf5 gxf5 Nh4 Nf6 Bd3 e4 Be2 Na6 Be3 Nc5 Qd2 Nfd7 Ng2 Ne5 Bxc5 dxc5 O-O-O Nf7 Kb1 Nd6 Nf4 Qg5 Qe3 b6 Kc2 Bd7 b3 a5 a4 Rae8 Bh5 Rd8 Rhg1 Qf6 Be2 Bh6 Nh5 Qg6 Nf4 Qf7 Bh5 Qe7 Nce2 Qe5 Nc3 Bg7 Be2 Nf7 g4 fxg4 Bxg4 Bxg4 Rxg4 Nh6 Rxg7+ Qxg7 Ne6 Nf5 Qxe4 Nd6 Qd3 Qf6 Nxd8 Rxd8 Nb5 Nxb5 axb5 Qxf2+ Rd2 Qf6 Rg2+ Kh8 Qc3 Rf8 Rg3 Qxc3+ Kxc3 Rf4 Re3 Rf7 Re6 Kg7 Kd3 Rf3+ Re3 Rf7 Re6 Rf3+ Ke4 Rxh3 Re7+ Kf6 Rxc7 Rh4+ Kd3 Rh3+ Kc2 Rh2+ Kc3 Rh3+ Kb2 Ke5 Rc6 a4 bxa4 Rh2+ Kc3 Rh3+ Kc2 Rh2+ Kd3 Rh3+ Ke2 Rh2+ Kf3 Rh3+ Kg2 Ra3 Rxb6 Rxa4 Re6+ Kd4 d6 Ra2+ Kf3 [Variant "Standard"]
[Site "Europe Echecs"]

[Event "Open Cappelle-la-Grande"]
[Date "2026.02.25"]
[White "Mannion, Stephen R"]
[Black "Riff, Jean-Noel"]
[WhiteElo "2202"]
[BlackElo "2399"]
[Round "8.8.16"]
[Result "1/2-1/2"]
[TimeControl "40/5400+30:1800+30"]

e4 e5 Nf3 Nc6 Bb5 a6 Ba4 Nf6 O-O Be7 Re1 b5 Bb3 d6 c3 O-O d4 Bg4 Be3 exd4 cxd4 Na5 Bc2 Nc4 Bc1 c5 b3 Nb6 Nbd2 Rc8 h3 Bxf3 Nxf3 Nfd7 dxc5 Nxc5 Bb2 Bf6 Bxf6 Qxf6 e5 dxe5 Nxe5 Rfe8 Qh5 g6 Qf3 Qxf3 Nxf3 Nd5 a3 Rxe1+ Rxe1 b4 Ra1 bxa3 Rxa3 Nb4 Bd1 Ncd3 Ra1 Rc3 Nd4 Nc5 Be2 Nxb3 Nxb3 Rxb3 Bxa6 Nxa6 Rxa6 [Variant "Standard"]
[Site "Europe Echecs"]

[Event "Open Cappelle-la-Grande"]
[Date "2026.02.26"]
[White "Can, Emre"]
[Black "Pranav Anand"]
[WhiteElo "2541"]
[BlackElo "2606"]
[Round "9.9.1"]
[Result "1/2-1/2"]
[TimeControl "40/5400+30:1800+30"]

e4 c5 Nf3 d6 Bb5+ Nd7 O-O a6 Bd3 Ngf6 Re1 b5 a4 b4 c3 Bb7 Bc2 Rc8 a5 e6 d3 bxc3 bxc3 Be7 Nbd2 Qc7 Nf1 O-O Bf4 h6 h3 Rfe8 N1d2 Bf8 Nc4 Bc6 Qd2 e5 Bh2 Rb8 Qd1 g6 Bb3 Bg7 Ne3 Nf8 Nd2 Ne6 Ndc4 Nd7 Ba4 Nf4 Bxc6 Qxc6 Bxf4 exf4 Nd5 Nf6 Ncb6 Nxd5 Nxd5 Rb2 Qc1 Rb3 Qxf4 Rxc3 Nxc3 Bxc3 Qxh6 Bxa1 Rxa1 d5 exd5 Qxd5 Qc1 Qd4 Ra2 Qxd3 Rc2 Re1+ Qxe1 Qxc2 Qe8+ Kg7 Qe5+ Kg8 Qe8+ [Variant "Standard"]
[Site "Europe Echecs"]